 Dungeon Crawl Stone Soup version 0.30-a0-702-gdf48620a09 (webtiles) character file.

Game seed: 4661281097915520742

112 wormed the Firebug (level 4, -4/32 HPs)
             Began as a Demonspawn Fire Elementalist on Jan 21, 2023.
             Slain by a gnoll
             ... wielding a +0 flail
              (16 damage)
             ... on level 3 of the Dungeon.
             The game lasted 00:03:35 (2648 turns).

wormed the Firebug (Demonspawn Fire Elementalist)   Turns: 2648, Time: 00:03:35

Health: -4/32      AC:  4    Str:  9    XL:     4   Next: 63%
Magic:  5/7        EV: 11    Int: 18    God:
Gold:   76         SH:  0    Dex: 13    Spells: 2/8 levels left

rFire   . . .      SeeInvis .    h - +2 short sword (venom)
rCold   . . .      Faith    .    (no shield)
rNeg    . . .      Spirit   .    j - +0 leather armour
rPois   .          Reflect  .    (no helmet)
rElec   .          Harm     .    (no cloak)
rCorr   .          Rampage  .    (no gloves)
Will    .....                    d - +0 pair of boots
Stlth   ++                       k - amulet of magic regeneration
HPRegen 0.25/turn                (no ring)
MPRegen 0.50/turn                (no ring)

@: no status effects
A: weakness stinger 2
a: no special abilities


You were on level 3 of the Dungeon.
You visited 1 branch of the dungeon, and saw 3 of its levels.

You collected 76 gold pieces.

Inventory:

Hand Weapons
 c - a +0 short sword
 h - a +2 short sword of venom (weapon)
Armour
 a - a +0 robe
 d - a +0 pair of boots (worn)
 j - a +0 leather armour (worn)
Jewellery
 k - an amulet of magic regeneration (around neck)
Wands
 l - a wand of iceblast (8)
Scrolls
 e - a scroll of amnesia {unknown}
 g - a scroll of blinking {unknown}
 i - a scroll of vulnerability {unknown}
 o - a scroll of fog {unknown}
 p - a scroll of noise {unknown}
Potions
 f - 2 potions of flight {unknown}
 m - a potion of might {unknown}
 n - a potion of attraction {unknown}


   Skills:
 + Level 1.6 Fighting
 + Level 2.3 Dodging
 + Level 2.5 Stealth
 + Level 2.6 Spellcasting
 + Level 2.0 Conjurations
 + Level 3.1 Fire Magic


You had 2 spell levels left.
You knew the following spells:

 Your Spells              Type           Power      Damage    Failure   Level
a - Foxfire               Conj/Fire      44%        2x1d6     9%          1
b - Scorch                Fire           26%        2d6       10%         2
c - Inner Flame           Hex/Fire       7%         N/A       36%         3

Your spell library contained the following spells:

 Spells                   Type           Power      Damage    Failure   Level
 Kindle Blastsparks       Fire/Tloc/Air  12%        2d11      43%         3
 Flame Wave               Conj/Fire      11%        2d6       63%         4
 Summon Lightning Spire   Summ/Air       2%         N/A       94%         4
 Storm Form               Tmut/Air       1%         N/A       100%        7
 Maxwell's Capacitive Co  Air            1%         ∞         100%        8


Dungeon Overview and Level Annotations

Branches:
Dungeon (3/15)

Altars:
Kikubaaqudgha

Shops:
D:1 ?


Innate Abilities, Weirdness & Mutations

You have a tail ending in a sharp stinger.


Message History

You are frozen.
You hit the endoplasm.
You kill the endoplasm!
The gnoll drinks a potion.
The gnoll goes berserk!
The gnoll misses you.
Casting: Scorch (safe; 11% risk of failure)
Confirm with . or Enter, or press ? or * to list all spells.
Flames lash the gnoll.
The gnoll is burned terribly!
You kill the gnoll!
Casting: Scorch (safe; 10% risk of failure)
Confirm with . or Enter, or press ? or * to list all spells.
Flames lash the gnoll.
The gnoll is moderately wounded.
The gnoll's fire resistance burns away.
The gnoll misses you.
Casting: Scorch (safe; 10% risk of failure)
Confirm with . or Enter, or press ? or * to list all spells.
Flames lash the gnoll.
The gnoll is burned terribly!
The gnoll is severely wounded.
The gnoll hits you with a +0 flail!
Casting: Scorch (safe; 10% risk of failure)
Confirm with . or Enter, or press ? or * to list all spells.
You don't have enough magic to cast this spell.
You hit the gnoll.
The gnoll is lightly wounded.
The gnoll hits you with a +0 flail. The gnoll barely misses you.
Your magical contamination has completely faded away.
You closely miss the gnoll.
You tail-slap the gnoll, but do no damage.
The gnoll is lightly wounded.
The gnoll barely misses you.
You barely miss the gnoll.
The gnoll is lightly wounded.
The gnoll hits you with a +0 flail. The gnoll misses you.
Magic courses through your body. The gnoll closely misses you.
Casting: Scorch (safe; 10% risk of failure)
Confirm with . or Enter, or press ? or * to list all spells.
Flames lash the gnoll.
The gnoll is heavily wounded.
The gnoll's fire resistance burns away.
The gnoll hits you with a +0 flail!
Ouch! That really hurt!
You die...

#.........# #....
#.........# .....
#.........# ......
#.........# ......
#...))....# #.....#
#...<)....# .......
#.........#
.......####.........#
.......gg@..........#
#.....####.......##.#
##... ######......#
### #.##. .# #.# ## #
###.# # ..#.#


You could see 2 gnolls.

Vanquished Creatures
  An orc wizard (D:3)
  2 gnolls (D:3)
  An adder (D:2)
  3 dart slugs
  6 orcs
  4 endoplasms
  2 goblins (D:1)
  3 hobgoblins
  4 jackals (D:2)
  5 kobolds
  2 quokkas
  3 ball pythons (D:1)
  2 bats (D:1)
  5 frilled lizards
  2 rats
45 creatures vanquished.

Vanquished Creatures (others)
  An endoplasm (D:3)
  114 foxfires
115 creatures vanquished.

Grand Total: 160 creatures vanquished

Notes
Turn   | Place    | Note
-------+----------+-------------------------------------------
     0 | D:1      | wormed the Demonspawn Fire Elementalist began the quest for
                  | the Orb.
     0 | D:1      | Reached XP level 1. HP: 13/13 MP: 3/3
   142 | D:1      | Found Rievuqy's Magic Scroll Boutique.
   295 | D:1      | Gained mutation: You have a small tail. [demonic ancestry]
   295 | D:1      | Reached XP level 2. HP: 20/20 MP: 1/5
  1336 | D:2      | Found an ancient bone altar of Kikubaaqudgha.
  1437 | D:2      | Reached skill level 1 in Fighting
  1439 | D:2      | Reached XP level 3. HP: 26/26 MP: 0/6
  1974 | D:2      | Learned a level 2 spell: Scorch
  1978 | D:2      | Learned a level 3 spell: Inner Flame
  2340 | D:3      | Reached skill level 3 in Fire Magic
  2467 | D:2      | Gained mutation: You have a tail ending in a sharp stinger.
                  | [demonic ancestry]
  2467 | D:2      | Reached XP level 4. HP: 11/32 MP: 4/7
  2648 | D:3      | Slain by a gnoll

Illustrated notes

Levels and vault maps discovered:
D:1:      evilmike_arrival_plus, layout_basic, serial_shops, shop, st_stairs_2
D:2:      layout_basic, basic_altar
D:3:      layout_rooms

Skill      XL: |  1  2  3  4 |
---------------+-------------+-----
Dodging        | 2 |  2.3
Stealth        | 2 |  2.5
Fighting       | 1 |  1.6
Fire Magic     | 3 |  3.1
Conjurations   | 2 |  2.0
Spellcasting   | |  2.6

Action                   |  1- 3 |  4- 6 || total
-------------------------+-------+-------++-------
Melee: Short sword       |    23 |    10 ||    33
       Tailslap          |     3 |     2 ||     5
 Cast: Foxfire           |    70 |     5 ||    75
       Scorch            |     8 |    10 ||    18
  Use: Potion            |       |     1 ||     1
Armor: Robe              |     9 |       ||     9
       Leather armour    |    14 |     5 ||    19
Dodge: Dodged            |    45 |    19 ||    64

Table legend: (Time is in decaauts)
 A = Elapsed time spent in this place.
 B = Non-inter-level travel time spent in this place.
 C = Inter-level travel time spent in this place.
 D = Time resting spent in this place.
 E = Time spent auto-exploring this place.
 F = Levels seen in this place.
 G = Mean time per level.
                   A        B        C        D        E       F      G
               +--------+--------+--------+--------+--------+-----+--------+
         Total |   2648 |   2492 |    156 |      0 |   2105 |   3 |  882.7 |
       Dungeon |   2648 |   2492 |    156 |      0 |   2105 |   3 |  882.7 |
               +--------+--------+--------+--------+--------+-----+--------+

Top non-repeatable levels by time:
     D:1: 1335 daAuts
     D:2: 1207 daAuts
     D:3: 105 daAuts
